 Dungeon Crawl Stone Soup version 0.26-a0-667-g92642533e4 (webtiles) character file.

Game seed: 4573770107038863274

135 Descartes the Chiller (level 4, -1/24 HPs)
             Began as a Deep Elf Ice Elementalist on Oct 18, 2020.
             Slain by an orc
             ... wielding a +0 trident
              (7 damage)
             ... on level 3 of the Dungeon.
             The game lasted 00:09:04 (2201 turns).

Descartes the Chiller (Deep Elf Ice Elementalist)   Turns: 2201, Time: 00:09:04

Health: -1/24      AC:  3    Str:  5    XL:     4   Next: 96%
Magic:  12/12      EV: 10    Int: 21    God:
Gold:   78         SH:  0    Dex: 15    Spells: 7/11 levels left

rFire    . . .     SeeInvis .   d - +2 short sword (venom)
rCold    . . .     Faith    .   (no shield)
rNeg     . . .     Spirit   .   a - +0 robe
rPois    .         Reflect  .   e - +0 helmet
rElec    .         Harm     .   (no cloak)
rCorr    .         Rampage  .   (no gloves)
MR       .....                  (no boots)
Stlth    ++........             (no amulet)
HPRegen  0.08/turn              f - -4 ring of evasion (curse)
MPRegen  0.13/turn              (no ring)

@: no status effects
A: no striking features
a: no special abilities


You were on level 3 of the Dungeon.
You visited 1 branch of the dungeon, and saw 3 of its levels.

You collected 78 gold pieces.

Inventory:

Hand Weapons
 d - a +2 short sword of venom (weapon)
Missiles
 b - 20 arrows
 g - 42 stones (quivered)
 i - 18 bolts
 j - a throwing net
Armour
 a - a +0 robe (worn)
 e - a +0 helmet (worn)
Jewellery
 f - a cursed -4 ring of evasion (left hand)
Scrolls
 c - 2 scrolls of teleportation
 k - a scroll of fear {unknown}
 m - a scroll of amnesia {unknown}
 n - 2 scrolls of identify {unknown}
 q - 2 scrolls of remove curse {unknown}
 r - a scroll of magic mapping {unknown}
Potions
 h - a potion of stabbing {unknown}
 l - a potion of flight {unknown}
 o - a potion of heal wounds {unknown}
 p - 2 potions of curing {unknown}


   Skills:
 + Level 3.6 Dodging
 - Level 3.0 Stealth
 + Level 4.3 Spellcasting
 + Level 5.6 Ice Magic


You had 7 spell levels left.
You knew the following spells:

 Your Spells              Type           Power        Failure   Level
a - Freeze                Ice            ####         1%          1
b - Frozen Ramparts       Ice            ####..       3%          3

Your spell library contained the following spells:

 Spells                   Type           Power        Failure   Level
 Ozocubu's Armour         Ice            ####....     3%          3
 Hailstorm                Conj/Ice       ###.....     36%         4
 Summon Ice Beast         Ice/Summ       ###.....     36%         4


Dungeon Overview and Level Annotations

Branches:
Dungeon (3/15)

Altars:
Yredelemnul


Message History

An orc comes into view. It is wielding a +0 mace.
The orc wizard shouts!
The orc shouts!
You hear a shout!
The orc hits you from afar with a +0 trident.
An orc priest comes into view. It is wielding a +0 flail.
The orc shouts!
You hit the orc wizard.
The orc wizard is poisoned.
The orc wizard is moderately wounded.
An orc comes into view.
The orc wizard gestures at you while chanting.
The puff of flame hits you!
The orc hits you from afar with a +0 trident.
* * * LOW HITPOINT WARNING * * *
The orc wizard gestures wildly while chanting.
The orc wizard seems to speed up.
The orc wizard looks braver for a moment.
The orc wizard mumbles some strange words.
The orc wizard flickers and vanishes!
Deactivating autopickup; reactivate with Ctrl-A.
The orc hits you from afar with a +0 trident!
You die...

#....#######...##....
#.##...........##.###
####.##########.[.##.###
#.......# ##........
#.##.##.# #####.##) #
#.##)# #.... # #.##.#
#############. #. #.##.#
#.......##.... ####.##...@#
#.......##.##.
=..........###.......##.##.
........o............##.###
.....#.######.......##.###
#### #o### #.......##...[
##...## #.......##....
#.....# ##########.###
#...o.# ####### #.###
#..†..##../...## #.##.


You could see 2 orcs.

Vanquished Creatures
  7 gnolls (D:2)
  An ooze (D:1)
  A worm (D:2)
  2 dart slugs (D:1)
  8 goblins
  7 hobgoblins
  A quokka (D:2)
  11 bats
  7 frilled lizards
  12 kobolds
  4 rats
61 creatures vanquished.

Notes
Turn   | Place    | Note
-------+----------+-------------------------------------------
     0 | D:1      | Descartes the Deep Elf Ice Elementalist began the quest for
                  | the Orb.
     0 | D:1      | Reached XP level 1. HP: 10/10 MP: 6/6
   171 | D:1      | Reached XP level 2. HP: 15/15 MP: 6/8
   296 | D:1      | Reached skill level 5 in Ice Magic
   709 | D:1      | Reached XP level 3. HP: 19/19 MP: 7/9
  1154 | D:2      | Learned a level 3 spell: Frozen Ramparts
  1223 | D:2      | Found a basalt altar of Yredelemnul.
  1415 | D:2      | Reached XP level 4. HP: 24/24 MP: 5/11
  2174 | D:3      | Found a faded altar of an unknown god.
  2201 | D:3      | Slain by an orc

Illustrated notes

Levels and vault maps discovered:
D:1:      ebering_trefoil_3fold, layout_basic
D:2:      layout_loops_ring, old_standard_altar
D:3:      layout_loops_cross, chequers_ecumenical_altar_simple_redux

Skill      XL: |  1  2  3  4 |
---------------+-------------+-----
Ice Magic      | 5 |  5.6
Dodging        | 3 |  3.6
Stealth        | 3 |  3.0
Spellcasting   | 4 |  4.3

Action                   |  1- 3 |  4- 6 || total
-------------------------+-------+-------++-------
Melee: Dagger            |     1 |       ||     1
       Short sword       |    17 |    41 ||    58
 Cast: Freeze            |    31 |       ||    31
       Frozen Ramparts   |     2 |     4 ||     6
  Use: Scroll            |     2 |       ||     2
 Stab: Sleeping          |     2 |     7 ||     9
Armor: Robe              |    10 |    13 ||    23
Dodge: Dodged            |    33 |    22 ||    55

Table legend: (Time is in decaauts)
 A = Elapsed time spent in this place.
 B = Non-inter-level travel time spent in this place.
 C = Inter-level travel time spent in this place.
 D = Time resting spent in this place.
 E = Time spent auto-exploring this place.
 F = Levels seen in this place.
 G = Mean time per level.
                   A        B        C        D        E       F      G
               +--------+--------+--------+--------+--------+-----+--------+
         Total |   2204 |   2155 |     49 |      0 |   1754 |   3 |  734.7 |
       Dungeon |   2204 |   2155 |     49 |      0 |   1754 |   3 |  734.7 |
               +--------+--------+--------+--------+--------+-----+--------+

Top non-repeatable levels by time:
     D:1: 1134 daAuts
     D:2: 939 daAuts
     D:3: 130 daAuts
